 Seeded DCSS version 0.28-a0-657-g71136c5590 (webtiles) character file.

Game seed: 54321234 (custom seed)

14 ekar the Chopper (level 2, -2/27 HPs)
             Began as a Minotaur Berserker on Oct 13, 2021.
             Was a Follower of Trog.
             Slain by a hound (5 damage)
             ... on level 4 of the Dungeon on Oct 14, 2021.
             The game lasted 00:06:14 (1030 turns).

ekar the Chopper (Minotaur Berserker)               Turns: 1030, Time: 00:06:15

Health: -2/27      AC:  5    Str: 21    XL:     2   Next: 27%
Magic:  1/1        EV: 11    Int:  4    God:    Trog [*.....]
Gold:   72         SH:  0    Dex:  9    Spells: 1/1 levels left

rFire   . . .      SeeInvis .   g - +0 mace
rCold   . . .      Faith    .   (no shield)
rNeg    . . .      Spirit   .   d - +0 ring mail
rPois   .          Reflect  .   (helmet restricted)
rElec   .          Harm     .   (no cloak)
rCorr   .          Rampage  .   (no gloves)
Will    .....                   (no boots)
Stlth   ..........              (no amulet)
HPRegen 0.09/turn               (no ring)
MPRegen 0.07/turn               (no ring)

@: no status effects
A: horns 2, retaliatory headbutt
a: Renounce Religion, Berserk


You were on level 4 of the Dungeon.
You worshipped Trog.
Trog was aware of your devotion.
You visited 1 branch of the dungeon, and saw 4 of its levels.

You collected 72 gold pieces.

Inventory:

Hand Weapons
 a - a +0 hand axe
 e - a +0 club
 f - a +0 club
 g - a +0 mace (weapon)
 j - a +0 falchion
Missiles
 c - 46 stones
 h - 6 boomerangs (quivered)
Armour
 b - a +0 animal skin
 d - a +0 ring mail (worn)
Scrolls
 k - a scroll of noise
Potions
 i - 2 potions of flight


   Skills:
 + Level 4.0 Fighting
 + Level 4.1 Axes
 + Level 2.5 Armour
 + Level 2.3 Dodging


You had one spell level left.
You didn't know any spells.
Your spell library was empty.

Dungeon Overview and Level Annotations

Branches:
Dungeon (4/15)
 Temple: D:4-7

Altars:


Innate Abilities, Weirdness & Mutations

You have a pair of horns on your head.
You reflexively headbutt those who attack you in melee.


Message History

The hound bites you.
Hit: g) +0 mace
Press: ? - help, Dir - move target, f/p - hound
Aim: a hound (heavily wounded, about 52% to evade your +0 mace)
You closely miss the hound.
The hound is heavily wounded.
The hound bites you. The hound barely misses you.
Hit: g) +0 mace
Press: ? - help, Dir - move target, f/p - hound
Aim: a hound (heavily wounded, about 52% to evade your +0 mace)
You barely miss the hound.
The hound is heavily wounded.
The hound bites you.
The hound pauses to sniff the ground.
The hound bites you.
Hit: g) +0 mace
Press: ? - help, Dir - move target, f/p - hound
Aim: a hound (heavily wounded, about 52% to evade your +0 mace)
You barely miss the hound.
The hound is heavily wounded.
The hound bites you. x2
Hit: g) +0 mace
Press: ? - help, Dir - move target, f/p - hound
Aim: a hound (heavily wounded, about 52% to evade your +0 mace)
You barely miss the hound.
The hound is heavily wounded.
The hound bites you.
* * * LOW HITPOINT WARNING * * *
The hound bites you.
* * * LOW HITPOINT WARNING * * *
Hit: g) +0 mace
Press: ? - help, Dir - move target, f/p - hound
Aim: a hound (heavily wounded, about 52% to evade your +0 mace)
You barely miss the hound. Your headbutt misses the hound.
The hound is heavily wounded.
The hound bites you but does no damage. The hound bites you.
* * * LOW HITPOINT WARNING * * *
The hound bites you but does no damage. The hound bites you.
You die...

.# .... .....
.##.... ..#..
###....... #...##
##.......# #.....
#.......#
#....###.#...###.
#..#.§§.#..........
.....§.§..h##.....#
....#..@##..##...
.#...#......## #
#..##<......#
##...........#
....#....####..#
.......... .#
...#..##.. #
...##.. ##. ... ##.
.#


You could see a hound.

Vanquished Creatures
  3 ball pythons (D:1)
  2 endoplasms (D:1)
  A giant cockroach (D:1)
  2 goblins (D:1)
  A quokka (D:1)
  2 bats (D:1)
  A frilled lizard (D:1)
  A rat (D:3)
13 creatures vanquished.

Notes
Turn   | Place    | Note
-------+----------+-------------------------------------------
     0 | D:1      | ekar the Minotaur Berserker began the quest for the Orb.
     0 | D:1      | Reached XP level 1. HP: 19/19 MP: 0/0
   360 | D:1      | Reached XP level 2. HP: 27/27 MP: 1/1
  1030 | D:4      | Slain by a hound

Illustrated notes

Levels and vault maps discovered:
D:1:      elethiomel_arrival_fortress_basement, layout_basic
D:2:      layout_basic
D:3:      cheibrodos_helix_gallery, layout_basic, ebering_ecumenical_altar_webs
D:4:      layout_cave_pools, serial_shops, shop

Skill      XL: |  1  2 |
---------------+-------+-----
Fighting       | 4 |  4.0
Axes           | 4 |  4.1
Armour         | |  2.5
Dodging        | |  2.3

Action                   || total
-------------------------++-------
Melee: Hand axe          ||    32
       Headbutt          ||     4
       Mace              ||     9
Throw: Stone             ||     3
       Boomerang         ||     1
  Use: Scroll            ||     2
       Potion            ||     2
Armor: Ring mail         ||    19
       Animal skin       ||     1
Dodge: Dodged            ||    24

Table legend: (Time is in decaauts)
 A = Elapsed time spent in this place.
 B = Non-inter-level travel time spent in this place.
 C = Inter-level travel time spent in this place.
 D = Time resting spent in this place.
 E = Time spent auto-exploring this place.
 F = Levels seen in this place.
 G = Mean time per level.
                   A        B        C        D        E       F      G
               +--------+--------+--------+--------+--------+-----+--------+
         Total |   1017 |   1017 |      0 |    198 |      0 |   4 |  254.2 |
       Dungeon |   1017 |   1017 |      0 |    198 |      0 |   4 |  254.2 |
               +--------+--------+--------+--------+--------+-----+--------+

Top non-repeatable levels by time:
     D:1: 522 daAuts
     D:2: 291 daAuts
     D:3: 178 daAuts
     D:4: 25 daAuts
